[Event "*** SCC Grand Prix: Titled Tuesday Blitz"]
[Site "Chess.com"]
[Date "2020.07.21"]
[Round "4"]
[White "Grandelicious"]
[Black "RaunakSadhwani2005"]
[Result "1/2-1/2"]
[WhiteElo "2788"]
[BlackElo "2992"]
[TimeControl "180+1"]
[EndTime "10:39:26 PDT"]
[Termination "Game drawn by repetition"]

1. Nf3 d5 2. g3 Nc6 3. d4 Bf5 4. Bg2 Nb4 5. Na3 e6 6. O-O Be7 7. c3 Nc6 8. Qb3 Rb8 9. c4 Nf6 10. Bg5 O-O 11. Bxf6 Bxf6 12. cxd5 exd5 13. e3 Ne7 14.
Nb5 c6 15. Nc3 Nc8 16. Nd2 Nd6 17. Rad1 Re8 18. Rfe1 h5 19. e4 dxe4 20. Ndxe4 h4 21. Nxd6 Rxe1+ 22. Rxe1 Qxd6 23. d5 h3 24. Bf3 Bd4 25.
Ne4 Bxe4 26. Bxe4 Qf6 27. Qf3 cxd5 28. Qxf6 Bxf6 29. Bxd5 Rd8 30. Bxb7 Rd2 31. Bc8 Bd4 32. Rf1 Rxb2 33. a4 Ra2 34. Bxh3 Rxa4 35. Rd1 g6 36.
Bd7 Rb4 37. Rd2 Bb6 38. h4 Kg7 39. Ra2 Rd4 40. Bb5 Rb4 41. Bf1 f5 42. Be2 Rb3 43. Kg2 Kf6 44. Bc4 Rc3 45. Be2 a5 46. Bd1 Bc7 47.
Rc2 Rxc2 48. Bxc2 Ke5 49. Kf3 Kd4 50. g4 Ke5 51. gxf5 gxf5 52. h5 Bd8 53. h6 Bf6 54. h7 Bg7 55. Ke3 Bh8 56. Kf3 Bg7 57. Ke3 Bh8 58. Kf3 Bg7 1/2-1/2

[Event "*** SCC Grand Prix: Titled Tuesday Blitz"]
[Site "Chess.com"]
[Date "2020.07.21"]
[Round "4"]
[White "Vladislav_Chizhikov"]
[Black "ulises2013"]
[Result "0-1"]
[WhiteElo "2457"]
[BlackElo "2632"]
[TimeControl "180+1"]
[EndTime "10:39:26 PDT"]
[Termination "ulises2013 won by resignation"]

1. e4 g6 2. d4 Bg7 3. Nc3 c5 4. Be3 Qa5 5. Qd2 Nf6 6. f3 cxd4 7. Bxd4 Nc6 8. Be3 d6 9. Nge2 O-O 10. Bh6 Rd8 11. h4 d5 12. Bxg7 Kxg7 13. exd5 Nxd5 14. h5 Nxc3 15. h6+ Kf8 16. Qxc3 Qxc3+ 17. Nxc3 Nb4 18.
Rc1 Bf5 19. g4 Bxc2 20. a3 Nd3+ 21. Bxd3 Bxd3 22. Kf2 f6 23. Rhd1 Kf7 24. Ke3 Bc4 25.
f4 Bb3 26. Rxd8 Rxd8 27. Ne4 Bd5 28. Rc7 Bxe4 29. Kxe4 Rb8 30. g5 f5+ 31. Ke5 a6 32. b3 b5 33. Ra7 Rb6 34. Kd5 Rd6+ 35. Kc5 Re6 36. b4 Re4 37. Rxa6 Rxf4 38. Kxb5 Rg4 39. a4 Rxg5 40. a5 f4+ 41. Kc4 f3 42. Kd3 Rf5 43.
Rc6 f2 44. Rc1 f1=Q+ 45. Rxf1 Rxf1 46. a6 Ra1 47. b5 g5 48. Ke4 Kf6 49. Kd5 g4 50.
Ke4 Kg5 51. Ke3 Kxh6 52. Kf4 Kh5 53. Ke4 Kh4 54. Kd4 g3 55. Kc5 g2 56. b6 g1=Q+ 57. Kc6 Rxa6 58. Kd7 Qxb6 59. Ke8 e5 0-1

[Event "*** SCC Grand Prix: Titled Tuesday Blitz"]
[Site "Chess.com"]
[Date "2020.07.21"]
[Round "4"]
[White "Xeniya2005"]
[Black "j2806"]
[Result "1-0"]
[WhiteElo "2381"]
[BlackElo "2050"]
[TimeControl "180+1"]
[EndTime "10:39:26 PDT"]
[Termination "Xeniya2005 won by resignation"]

1. e4 c5 2. Be2 Nc6 3. f4 g6 4.
Nf3 Bg7 5. d3 e6 6. O-O Nge7 7.
c3 O-O 8. Be3 b6 9. Nbd2 Bb7 10.
d4 cxd4 11. cxd4 d5 12. e5 Nf5 13. Bf2 h5 14. Rc1 Rc8 15. a3 a6 16. Rc3 b5 17.
Qc2 Qb6 18. Nb3 Na5 19. Nc5 Bc6 20. Rc1 Nc4 21. Nd2 Bh6 22. g3 Rfd8 23. Ra1 h4 24. Nf3 hxg3 25. hxg3 Na5 26. b3 Nb7 27. Rc1 a5 28. g4 Ne7 29. Bh4 Bf8 30. b4 axb4 31. axb4 Re8 32. Bf6 Bg7 33. Bxg7 Kxg7 34. Kg2 Rh8 35. Nxe6+ fxe6 36. Ng5 Bd7 37. Qd2 Rxc3 38. Rxc3 Nd8 39. Qe3 Nf7 40. Nf3 Nh6 41. Kg3 Nf7 42. Bd3 Qa6 43. Be2 Qa4 44. Rb3 Nc6 45.
Qc3 Qa6 46. Ra3 Qb7 47. Qd2 Ne7 48. Rc3 Qb8 49. Ra3 Rh7 50. Qa2 Qh8 51. Ra7 Qe8 52.
Qa6 Nd8 53. Qd6 Nc8 54. Qxd7+ Qxd7 55. Rxd7+ Kf8 56. Rxh7 1-0

[Event "*** SCC Grand Prix: Titled Tuesday Blitz"]
[Site "Chess.com"]
[Date "2020.07.21"]
[Round "4"]
[White "KobyKalavannan"]
[Black "SARGISMV"]
[Result "1-0"]
[WhiteElo "2718"]
[BlackElo "2508"]
[TimeControl "180+1"]
[EndTime "10:39:28 PDT"]
[Termination "KobyKalavannan won by resignation"]

1. d4 c5 2. c3 g6 3. Nf3 Bg7 4. g3 b6 5. Bg2 Bb7 6. O-O Nf6 7. dxc5 bxc5 8. Qb3 Bd5 9. c4 Bc6 10.
Nc3 O-O 11. Be3 d6 12. Rfd1 Qb6 13. Qc2 a5 14. Rac1 Na6 15. Rd2 Rab8 16. h4 Rb7 17. Qd1 Rfb8 18. b3 Ne4 19. Nxe4 Bxe4 20. Ne1 Bxg2 21.
Nxg2 a4 22. Rb1 Qc6 23. Nf4 axb3 24. axb3 Nb4 25. h5 Qe4 26. hxg6 hxg6 27. Ng2 Bc3 28. f3 Qe6 29. Kf2 Bxd2 30. Qxd2 Nc6 31. Nf4 Qe5 32. Nd3 Qf6 33. Bg5 Qd4+ 34. e3 Qg7 35.
Qc2 Nb4 36. Nxb4 Rxb4 37. Bxe7 Qe5 38. Bh4 g5 39. f4 gxf4 40. gxf4 Qh5 41. Rg1+ Kf8 42.
Bf6 Ke8 43. Qe4+ Kd7 44. Qe7+ Kc6 45. Qe4+ Kc7 46. Qe7+ Kc6 47. Rg5 Qh2+ 48. Rg2 Rxb3 49. Rxh2 Rb2+ 50. Kf3 Rxh2 51. Qe4+ Kc7 52. Qe7+ Kc6 53.
Qxf7 Rh3+ 54. Kg4 Rxe3 55. Qd5+ Kb6 56. Qxd6+ Kb7 57. Be5 Rg8+ 58. Kf5 Rxe5+ 59. fxe5 Rc8 60. e6 Rc6 61. Qd5 Kc7 62. e7 Rf6+ 63. Kxf6 1-0

[Event "*** SCC Grand Prix: Titled Tuesday Blitz"]
[Site "Chess.com"]
[Date "2020.07.21"]
[Round "4"]
[White "capatl"]
[Black "DenisQ"]
[Result "0-1"]
[WhiteElo "2404"]
[BlackElo "2630"]
[TimeControl "180+1"]
[EndTime "10:39:28 PDT"]
[Termination "DenisQ won by resignation"]

1. c4 Nf6 2. Nc3 d5 3. cxd5 Nxd5 4. g3 g6 5. Bg2 Nb6 6. Nf3 Bg7 7. O-O Nc6 8. b3 O-O 9. Bb2 a5 10. a3 e5 11. d3 Be6 12. Ne4 Bd5 13. Nfd2 Nd4 14. Rc1 c6 15. e3 Ne6 16. Nc4 f5 17. Ned6 Nxc4 18. dxc4 Bxg2 19. Kxg2 Qb6 20. Qc2 Nc5 21. b4 axb4 22. axb4 Qxb4 23. Rb1 Ra2 24. Bc3 Rxc2 25.
Bxb4 Nd3 26. Nxb7 Ra8 27. c5 Raa2 28. Be1 e4 29. Nd6 Bc3 30. Rb8+ Kg7 31. Bxc3+ Rxc3 32. Rb7+ Kf6 33. Ne8+ Ke6 34. Ng7+ Kd5 35. Ne8 Rcc2 36. Rxh7 Rxf2+ 37. Rxf2 Rxf2+ 38. Kg1 Re2 39. Rd7+ Kxc5 40. Nd6 Rxe3 41. Nb7+ Kb6 42. Nd8 Re1+ 43. Kg2 Nc5 44. Rd6 e3 45. Rxc6+ Kb5 46. Rxg6 e2 47. Kf2 Nd3+ 48.
Ke3 Nc1 49. Re6 Rf1 50. Kd2 Rd1+ 51. Kc2 e1=Q 52. Rxe1 Rxe1 53. Nf7 Ne2 54. Nd6+ Kc5 55. Nxf5 Nd4+ 56. Nxd4 Kxd4 57. Kd2 Rh1 58. h4 Rh2+ 59.
Ke1 Ke3 60. Kf1 Rh3 61. g4 Rxh4 0-1

[Event "*** SCC Grand Prix: Titled Tuesday Blitz"]
[Site "Chess.com"]
[Date "2020.07.21"]
[Round "4"]
[White "Savva09022009"]
[Black "Fortitudine"]
[Result "1-0"]
[WhiteElo "2453"]
[BlackElo "2292"]
[TimeControl "180+1"]
[EndTime "10:39:31 PDT"]
[Termination "Savva09022009 won by checkmate"]

1. d4 Nf6 2. Nc3 d5 3. Bf4 e6 4. e3 Bd6 5. Nf3 O-O 6. Bd3 c5 7. Bxd6 Qxd6 8. dxc5 Qxc5 9. O-O Nc6 10. e4 dxe4 11.
Nxe4 Nxe4 12. Bxe4 Rd8 13. Qe2 Bd7 14. Rad1 Be8 15.
Rxd8 Rxd8 16. Rd1 Rxd1+ 17. Qxd1 h6 18. h3 Kf8 19. c3 Ke7 20. Qb3 b6 21. Qc2 Ne5 22.
Nd4 Nc6 23. Bxc6 Bxc6 24. Qh7 Kf6 25. Qd3 Qd5 26. Qg3 Bb7 27. Qf4+ Kg6 28. Qg3+ Kh7 29. f3 g6 30. Qc7 Kg7 31. Qe7 Bc6 32. Qxa7 b5 33. Nxc6 Qxc6 34. Qd4+ Kh7 35. Qf6 Kg8 36. Qf4 Kg7 37. Kh2 h5 38. Qb4 g5 39. b3 h4 40. Qd4+ f6 41. a4 Qc7+ 42. Kg1 bxa4 43.
bxa4 Qg3 44. Qd2 Qc7 45. Qd4 Qg3 46. Qd7+ Kg6 47. Qxe6 Qc7 48. Qe4+ Kh6 49. Qd4 Qg3 50. Qxf6+ Kh5 51. Qe7 Qf4 52. Qh7# 1-0

[Event "*** SCC Grand Prix: Titled Tuesday Blitz"]
[Site "Chess.com"]
[Date "2020.07.21"]
[Round "4"]
[White "Happy1712Drummer"]
[Black "Killertoy"]
[Result "1-0"]
[WhiteElo "2420"]
[BlackElo "2226"]
[TimeControl "180+1"]
[EndTime "10:39:31 PDT"]
[Termination "Happy1712Drummer won on time"]

1. d4 f5 2. Nf3 Nf6 3. c4 g6 4. Nc3 Bg7 5. Bg5 O-O 6. Qd2 Ne4 7. Nxe4 fxe4 8. Nh4 c5 9. d5 d6 10. g3 Bf6 11. Bg2 Bxg5 12. Qxg5 Qa5+ 13. Kf1 Qb4 14. Nxg6 hxg6 15. Qxg6+ Kh8 16. Bxe4 Bf5 17. Qh6+ Kg8 18.
Bxf5 Rxf5 19. Qg6+ Kh8 20. Qxf5 Na6 21. Qh5+ Kg7 22.
Qg4+ Kh7 23. b3 Qc3 24. Rd1 Rf8 25. Qh4+ Kg8 26. Qg5+ Kh8 27. Kg2 Nb4 28. Qxe7 Rf6 29. Qe8+ Kg7 30. Qh5 Nc2 31. Rd3 Qe5 32. Qxe5 dxe5 33.
e3 Nb4 34. Rd2 e4 35. Rhd1 b6 36. a3 Nd3 37. Rxd3 exd3 38. Rxd3 Rd6 39. e4 Kf6 40. f4 Rd8 41. e5+ Kf5 42. Kf3 Rg8 43. h3 Kg6 44. g4 Kf7 45. d6 Rh8 46. Ke4 Ke8 47.
Kd5 Kd7 48. f5 Kc8 49. e6 Kb7 50. d7 Ra8 51. Ke5 Kc7 52. e7 a5 53. d8=Q+ 1-0

[Event "*** SCC Grand Prix: Titled Tuesday Blitz"]
[Site "Chess.com"]
[Date "2020.07.21"]
[Round "4"]
[White "wannabe2700"]
[Black "talman67"]
[Result "0-1"]
[WhiteElo "2670"]
[BlackElo "2500"]
[TimeControl "180+1"]
[EndTime "10:39:33 PDT"]
[Termination "talman67 won by checkmate"]

1. d4 Nf6 2. c4 e6 3. Nc3 Bb4 4. e3 O-O 5. Bd2 d5 6. Nf3 b6 7. cxd5 exd5 8. Rc1 Ba6 9. Bxa6 Nxa6 10. Qa4 Qc8 11. Ne5 Bxc3 12. Bxc3 Qb7 13. Qc6 Qxc6 14. Nxc6 Rfe8 15. Ke2 Nb8 16. Bd2 Nbd7 17. b4 a6 18. f3 Re6 19. Rc2 b5 20. Na5 Ne8 21. Rhc1 Nb6 22.
Rxc7 Nxc7 23. Rxc7 Nc4 24. Kd3 Nxd2 25. Kxd2 Rae8 26.
Rc3 Rh6 27. h3 Rg6 28. g4 Rh6 29. Nb7 Rxh3 30. f4 Rh2+ 31. Kd3 Rxa2 32. Nd6 Rd8 33. Nb7 Rb8 34. Rc7 Ra3+ 35. Kd2 Rb3 36. Nc5 Ra3 37. Rd7 Re8 38. Rxd5 Raxe3 39. Nxa6 Re2+ 40.
Kd1 Rh2 41. Nc7 Rc8 42. Rxb5 h5 43. Nd5 hxg4 44. Ne7+ Kh7 45. Nxc8 f6 46. Ke1 g3 47. Kf1 Rf2+ 48. Kg1 Kg6 49. Rc5 Rxf4 50. b5 Rxd4 51.
b6 Rb4 52. Rc7 f5 53. b7 f4 54. Nd6 Kg5 55. Rc5+ Kg4 56. Rb5 Rd4 57. b8=Q Rd1+ 58.
Kg2 f3# 0-1

[Event "*** SCC Grand Prix: Titled Tuesday Blitz"]
[Site "Chess.com"]
[Date "2020.07.21"]
[Round "4"]
[White "AJSC02"]
[Black "Ze-Pequeno"]
[Result "1/2-1/2"]
[WhiteElo "2086"]
[BlackElo "2238"]
[TimeControl "180+1"]
[EndTime "10:39:34 PDT"]
[Termination "Game drawn by repetition"]

1. e4 e5 2. Nf3 Nc6 3. Bc4 Nf6 4. d3 Bc5 5. c3 a6 6. a4 d6 7. O-O O-O 8. Nbd2 Ba7 9. h3 Be6 10. Bb3 h6 11. Re1 Re8 12. Nf1 d5 13. exd5 Bxd5 14. Be3 Bxe3 15. Nxe3 Be6 16. Nc4 Bxc4 17. Bxc4 Qd7 18.
a5 Rab8 19. Qb3 Re7 20. Qa2 Qd6 21. b4 Rbe8 22. Rad1 Kf8 23. Nh4 g6 24. Qd2 Kg7 25.
Nf3 Rd8 26. Qc2 Rdd7 27. Nd2 Rd8 28. Ne4 Nxe4 29. dxe4 Qf6 30. Rxd8 Nxd8 31. Rd1 Ne6 32. Bxe6 Qxe6 33. Qd3 c6 34. Qd6 Kf6 35. Qxe6+ Kxe6 36. Kf1 Rd7 37. Ke2 Rxd1 38. Kxd1 Kd6 39. Kc2 c5 40. Kb3 cxb4 41. cxb4 Kc6 42. Kc4 h5 43. h4 f6 44. g3 Kd6 45. b5 axb5+ 46. Kxb5 Kc7 47. Kc5 Kd7 48. Kd5 Kc7 49. Kc5 Kd7 50. Kb6 Kc8 51.
a6 bxa6 52. Kxa6 Kc7 53. Ka5 Kc6 54. Kb4 Kb6 55. Kc4 Kc6 56. Kb4 Kb6 57. Kc4 Kc6 58. Kb4 1/2-1/2

[Event "*** SCC Grand Prix: Titled Tuesday Blitz"]
[Site "Chess.com"]
[Date "2020.07.21"]
[Round "4"]
[White "Margarita2907"]
[Black "The_Machine04"]
[Result "1-0"]
[WhiteElo "2096"]
[BlackElo "2279"]
[TimeControl "180+1"]
[EndTime "10:39:35 PDT"]
[Termination "Margarita2907 won on time"]

1. e4 d6 2. d4 Nf6 3. Nc3 e5 4. Nf3 Nbd7 5. Bc4 Be7 6. O-O c6 7. a4 O-O 8. Re1 b6 9. h3 a6 10. Bd3 Rb8 11. Ne2 b5 12. axb5 axb5 13. Ng3 Re8 14.
c3 Bf8 15. Bc2 Qc7 16. Be3 Nb6 17. b3 g6 18. Qd2 Nbd7 19. c4 bxc4 20. bxc4 Nb6 21.
Bd3 Be6 22. c5 dxc5 23. dxc5 Nc4 24. Bxc4 Bxc4 25. Qc3 Bb5 26. Red1 Nd7 27. Rd2 Rbd8 28. Rda2 Rb8 29. Ra7 Rb7 30. Ra8 Rxa8 31. Rxa8 Rb8 32. Qa3 Rxa8 33. Qxa8 Kg7 34. Qa3 f6 35. Qc1 Qa7 36.
Nd2 Bxc5 37. Bxc5 Qxc5 38. Qa1 Qd4 39. Nb3 Qxa1+ 40. Nxa1 Kf7 41. Nc2 Ke6 42. f3 Nc5 43. Kf2 Nd3+ 44. Ke3 c5 45. Ne2 c4 46. Nc3 Ba6 47.
Nd5 f5 48. Nc7+ Kd6 49. Nxa6 f4+ 50. Ke2 Kc6 51. Nab4+ Kb5 52. Nxd3 cxd3+ 53. Kxd3 Kc5 54. Kc3 g5 55. Nb4 h5 56. Nd5 1-0

[Event "*** SCC Grand Prix: Titled Tuesday Blitz"]
[Site "Chess.com"]
[Date "2020.07.21"]
[Round "4"]
[White "2nd_life"]
[Black "Mazetovic"]
[Result "1/2-1/2"]
[WhiteElo "2484"]
[BlackElo "2660"]
[TimeControl "180+1"]
[EndTime "10:39:37 PDT"]
[Termination "Game drawn by repetition"]

1. e4 c5 2. Nf3 Nc6 3. Bb5 g6 4.
Bxc6 bxc6 5. O-O Bg7 6. Re1 e5 7. c3 Ne7 8. d4 cxd4 9. cxd4 exd4 10. Nxd4 d6 11. Nc3 O-O 12. Bf4 Bb7 13. Nb3 Nc8 14.
Qd2 Qb6 15. Be3 Qa6 16. Bh6 Re8 17. Bxg7 Kxg7 18. h4 h5 19. Rad1 Qb6 20. Na4 Qc7 21. Na5 Rb8 22. Qc3+ f6 23. b4 Nb6 24. Nxb6 axb6 25.
Nc4 Rbd8 26. Qd4 b5 27. Nxd6 Rf8 28. Qc5 Bc8 29. Rd4 Be6 30. a3 Kh7 31. Red1 Qe7 32.
f4 Bg8 33. g3 Rd7 34. R1d2 Rfd8 35. Kh2 Qe6 36. Qxc6 Qg4 37. Qxb5 Be6 38. Qf1 Bg8 39.
b5 Qe6 40. b6 Rxd6 41. Rxd6 Rxd6 42. Rxd6 Qxd6 43. Qb1 Qd2+ 44. Kg1 Qe3+ 45. Kg2 Qe2+ 46. Kg1 Ba2 47. Qb4 Bc4 48. Qe7+ Kh8 49. Qf8+ Kh7 50.
Qe7+ Kg8 51. Qe8+ Kg7 52. Qe7+ Bf7 53. b7 Qe1+ 54. Kg2 Qd2+ 55. Kg1 Qd1+ 56. Kf2 Qc2+ 57. Ke3 Qb3+ 58. Kd4 Qb6+ 59. Kc3 Qb3+ 60. Kd4 Qb6+ 61. Kc3 Qb3+ 62. Kd4 1/2-1/2

[Event "*** SCC Grand Prix: Titled Tuesday Blitz"]
[Site "Chess.com"]
[Date "2020.07.21"]
[Round "4"]
[White "Ginger_GM"]
[Black "Chessdemon2019"]
[Result "1/2-1/2"]
[WhiteElo "2584"]
[BlackElo "2366"]
[TimeControl "180+1"]
[EndTime "10:39:38 PDT"]
[Termination "Game drawn by repetition"]

1. d4 Nf6 2. Nc3 d5 3. Bf4 b6 4. e3 Bb7 5. Nf3 e6 6. Be2 Bb4 7. O-O O-O 8. Ne5 Nbd7 9. Bd3 c5 10. Qf3 Nxe5 11. dxe5 Bxc3 12. bxc3 Ne4 13. Bxe4 dxe4 14. Qg3 Kh8 15. Rfd1 Qc7 16. Bg5 h6 17. Bh4 g5 18. Bxg5 hxg5 19. Qxg5 f5 20. exf6 Qf7 21. Qh4+ Kg8 22. Qg3+ Kh7 23. Rd6 Rad8 24. Rad1 Rxd6 25.
Rxd6 Qxf6 26. h4 Qg7 27. Qh3 Bd5 28. c4 Bxc4 29. h5 Rg8 30. Kh2 Qg4 31. Rd7+ Kh6 32. Rxa7 Qxh3+ 33. Kxh3 Kxh5 34. Rb7 b5 35. Rc7 Rg5 36.
a3 Rd5 37. Kg3 Kg5 38. Rc8 Kf6 39. Rc7 Ke5 40. f4+ exf3 41. gxf3 Kd6 42. Rc8 Kd7 43.
Rh8 Rd2 44. Kf4 Rxc2 45. Ke5 Bb3 46. Rh7+ Ke8 47. e4 Rf2 48. f4 b4 49. axb4 cxb4 50. Rb7 Bc4 51. Rxb4 Rc2 52. f5 exf5 53. exf5 Re2+ 54.
Kf6 Ba2 55. Ra4 Bb3 56. Rb4 Ba2 57. Ra4 Bb3 58. Ra8+ Kd7 59. Rb8 Ba2 60. Rb7+ Ke8 61. Ra7 Bb3 62. Ra3 Ba2 63. Ra7 Bb3 64. Ra3 Ba2 65.
Kg6 Bf7+ 66. Kf6 Ba2 1/2-1/2

[Event "*** SCC Grand Prix: Titled Tuesday Blitz"]
[Site "Chess.com"]
[Date "2020.07.21"]
[Round "4"]
[White "1f3_2g41-0"]
[Black "tsvet2005"]
[Result "1-0"]
[WhiteElo "2391"]
[BlackElo "2580"]
[TimeControl "180+1"]
[EndTime "10:39:40 PDT"]
[Termination "1f3_2g41-0 won by resignation"]

1. e4 c5 2. Nf3 d6 3. d4 cxd4 4. Nxd4 Nf6 5. Nc3 a6 6. h3 e5 7. Nde2 b5 8. g4 b4 9. Nd5 Nxd5 10. Qxd5 Ra7 11. Be3 Be6 12. Qd2 Rd7 13. Bg2 d5 14. exd5 Bxd5 15. Bxd5 Rxd5 16. Qc1 Be7 17. O-O O-O 18.
Ng3 Nd7 19. c4 bxc3 20. Qxc3 Nf6 21. g5 Ne8 22. Qc4 Qd7 23. Nf5 Bd8 24. Qe4 Nc7 25. Rac1 Ne6 26. h4 g6 27. Nh6+ Kg7 28. Ng4 f5 29. gxf6+ Bxf6 30. Bh6+ Kf7 31. Bxf8 Rd4 32. Qf3 Rf4 33. Qg3 Kxf8 34. Nxf6 Rxf6 35. Qxe5 Kf7 36. Rfd1 Qe7 37. Rd3 Rf5 38. Qg3 Nf4 39. Re3 Ne2+ 40. Rxe2 Qxe2 41. Rc7+ Kf6 42. Qd6+ Qe6 43. Qf8+ Ke5 44. Qc5+ Kf4 45. Qd4+ Qe4 46. Qxe4+ Kxe4 47. Rxh7 Rc5 48. Re7+ Kf3 49. Re6 Rc1+ 50. Kh2 Rc2 51. Rf6+ Kg4 52. Rxg6+ Kxh4 53. Kg2 a5 54. Ra6 Rxb2 55.
Rxa5 Kg4 56. a4 Ra2 57. Ra8 Kf4 58. Rh8 Kg5 59. Ra8 Kf4 60. a5 Kf5 61. a6 Kf6 62. a7 Kf7 63. Rh8 1-0

[Event "*** SCC Grand Prix: Titled Tuesday Blitz"]
[Site "Chess.com"]
[Date "2020.07.21"]
[Round "4"]
[White "dopolian"]
[Black "ExtremeLearner"]
[Result "1-0"]
[WhiteElo "2432"]
[BlackElo "2262"]
[TimeControl "180+1"]
[EndTime "10:39:40 PDT"]
[Termination "dopolian won by checkmate"]

1. Nf3 d5 2. c4 c6 3. g3 Nf6 4. b3 g6 5. Bb2 Bg7 6. Bg2 O-O 7.
O-O Bg4 8. d3 Nbd7 9. Nbd2 Re8 10. h3 Bxf3 11. Nxf3 e5 12. Qc2 Rc8 13. b4 a5 14. a3 Qb6 15. Bc3 axb4 16. axb4 d4 17. Bd2 e4 18. c5 Qc7 19. Nxd4 e3 20. Bxe3 Rxe3 21. fxe3 Qxg3 22. Qd2 Bh6 23. Nf3 Nd5 24.
Qe1 Bxe3+ 25. Kh1 Qxe1 26. Rfxe1 Nxb4 27. Rf1 Nxc5 28. Rab1 Nd5 29. Ne5 f6 30. Nc4 Re8 31. Bf3 Kg7 32. Na5 Re7 33. Nb3 Nc3 34. Rb2 Nxb3 35.
Rxb3 Nb5 36. Rfb1 Nd4 37. Rb4 b5 38. R4b2 f5 39. Kg2 f4 40. Be4 Re6 41. h4 Kf6 42. Bf3 h6 43. h5 g5 44. Bg4 Rd6 45. Ra1 Ke5 46. Ra8 c5 47. Re8+ Kf6 48. Ra2 f3+ 49.
Bxf3 Nxf3 50. Kxf3 Kf7 51. Raa8 b4 52. Rxe3 b3 53.
Rb8 Rf6+ 54. Kg2 Rf4 55. Rxb3 Rg4+ 56. Kf3 Rh4 57. Kg3 Rxh5 58. Rf3+ Kg6 59. Rb6+ Kg7 60. Rff6 Rh1 61. Rg6+ Kh7 62. e4 Rg1+ 63. Kf2 Rh1 64. Rgd6 h5 65. Rb7+ Kg8 66. Rd8# 1-0

[Event "*** SCC Grand Prix: Titled Tuesday Blitz"]
[Site "Chess.com"]
[Date "2020.07.21"]
[Round "4"]
[White "Grischuk"]
[Black "Oneofmyturns"]
[Result "1/2-1/2"]
[WhiteElo "3033"]
[BlackElo "2738"]
[TimeControl "180+1"]
[EndTime "10:39:41 PDT"]
[Termination "Game drawn by repetition"]

1. Nf3 d5 2. d4 Nf6 3. c4 e6 4. Nc3 Be7 5. Bf4 O-O 6. e3 c5 7.
dxc5 Bxc5 8. cxd5 Nxd5 9. Nxd5 exd5 10. Bd3 Bb4+ 11. Nd2 Nc6 12. O-O h6 13. Rc1 Qf6 14.
a3 Ba5 15. b4 Bb6 16. h3 Bf5 17. Bxf5 Qxf5 18. Qg4 Qxg4 19. hxg4 d4 20. Nc4 dxe3 21. Bxe3 Bxe3 22. Nxe3 Rac8 23. Rfd1 Ne5 24. g3 Rfe8 25. Kg2 a6 26. Rxc8 Rxc8 27. Rd4 g6 28. Rd5 Nc6 29.
Rd7 b5 30. Rd6 a5 31. Nd5 Kg7 32. f4 axb4 33. axb4 Nd8 34. Rb6 Rc2+ 35. Kf3 Ne6 36. Ke3 Rb2 37. Rxb5 Rb3+ 38. Kf2 Rb2+ 39. Ke1 Nd4 40.
Rb7 Rg2 41. b5 Rxg3 42. b6 Rb3 43. Rc7 Ne6 44. Rc6 Rb5 45. Nc7 Rb1+ 46. Kd2 Nxf4 47.
Kc2 Rb4 48. Na6 Rb5 49. Nc7 Rb4 50. Ne8+ Kf8 51. Nd6 Nd5 52. b7 Ke7 53. Kd2 Kd7 54.
Rc8 Kxd6 55. b8=Q+ Rxb8 56. Rxb8 Nf6 57. Rb4 Ke5 58. Ke2 h5 59. gxh5 Nxh5 60. Kf3 Kf6 61. Rb6+ Kg5 62. Rb7 f5 63. Rb8 Nf6 64. Ra8 Ne4 65. Rg8 Nf6 66. Ra8 Ne4 67. Rg8 Nf6 68. Ra8 1/2-1/2

[Event "*** SCC Grand Prix: Titled Tuesday Blitz"]
[Site "Chess.com"]
[Date "2020.07.21"]
[Round "4"]
[White "michaelshahade"]
[Black "ExcitingTrap"]
[Result "1-0"]
[WhiteElo "2035"]
[BlackElo "2204"]
[TimeControl "180+1"]
[EndTime "10:39:41 PDT"]
[Termination "michaelshahade won by checkmate"]

1. c4 e5 2. Nc3 Bb4 3. Nf3 d6 4.
Qc2 Nf6 5. a3 Bxc3 6. Qxc3 O-O 7. d3 Nc6 8. g3 h6 9. Bg2 e4 10. Nd4 Nxd4 11. Qxd4 exd3 12. Qxd3 Re8 13. O-O Rb8 14.
b4 Ng4 15. Bb2 Ne5 16. Qc3 Qf6 17. f4 Ng4 18. Qxf6 Nxf6 19. Bxf6 gxf6 20. Bf3 Bf5 21.
Rfe1 Be4 22. Kf2 c6 23. Rad1 d5 24. cxd5 cxd5 25. Bxe4 dxe4 26. Rd7 Kf8 27. Rc1 Re7 28.
Rcc7 Rxd7 29. Rxd7 Ke8 30. Rc7 Kd8 31. Rxf7 a6 32.
Rf8+ Kc7 33. Rxb8 Kxb8 34. f5 Kc7 35. Ke3 Kd6 36. Kxe4 b6 37. Kd4 h5 38. e4 Kc6 39. h3 Kd6 40. g4 h4 41. a4 Kc6 42.
e5 fxe5+ 43. Kxe5 a5 44. bxa5 bxa5 45. Ke6 Kc5 46. f6 Kb4 47. f7 Kxa4 48. f8=Q Kb3 49. Qc5 a4 50. Qb5+ Ka3 51. Qxa4+ Kxa4 52. Kf6 Kb4 53.
Kg5 Kc4 54. Kxh4 Kd4 55. Kg5 Ke5 56. h4 Ke6 57. h5 Kf7 58. h6 Kg8 59. Kg6 Kh8 60.
g5 Kg8 61. Kf6 Kh8 62. g6 Kg8 63. g7 Kh7 64. Kf7 Kxh6 65. g8=Q Kh5 66. Kf6 Kh4 67. Kf5 Kh3 68. Kf4 Kh2 69. Kf3 Kh3 70. Qg3# 1-0

[Event "*** SCC Grand Prix: Titled Tuesday Blitz"]
[Site "Chess.com"]
[Date "2020.07.21"]
[Round "4"]
[White "cassoulet"]
[Black "Colchonero64"]
[Result "0-1"]
[WhiteElo "2658"]
[BlackElo "2935"]
[TimeControl "180+1"]
[EndTime "10:39:42 PDT"]
[Termination "Colchonero64 won by resignation"]

1. e4 c5 2. Nf3 e6 3. d4 cxd4 4. Nxd4 a6 5. Nc3 b5 6. Bd3 Qb6 7. Be3 Bc5 8. Be2 Nc6 9. Nxc6 Bxe3 10. fxe3 dxc6 11. Qd4 Qxd4 12. exd4 Bb7 13. e5 c5 14. dxc5 Ne7 15. Bf3 Bxf3 16. gxf3 Ng6 17. O-O-O Nxe5 18. f4 Nc4 19. Rhe1 O-O 20. b3 Na5 21. Rd6 Nb7 22.
Rc6 b4 23. Ne4 Rfc8 24. Rxc8+ Rxc8 25. Rd1 Kf8 26. Rd4 a5 27. Rc4 Ke7 28. c3 bxc3 29. a3 f5 30. Nd6 Nxd6 31. cxd6+ Kd7 32. Rxc8 Kxc8 33. Kc2 Kd7 34. Kxc3 Kxd6 35. Kd4 e5+ 36. fxe5+ Ke6 37. b4 axb4 38. axb4 f4 39. b5 f3 40. b6 f2 41. b7 f1=Q 42. b8=Q Qg1+ 43. Ke4 Qg2+ 44. Kd4 Qd5+ 45. Ke3 Qxe5+ 46. Qxe5+ Kxe5 47. Kf3 Kf5 48. Kg3 Kg5 49. h3 Kf5 50. Kf3 Kg5 51.
Kg3 g6 52. Kf3 Kh4 53. Kg2 Kg5 54. Kg3 Kf5 55. Kh4 h6 56. Kg3 g5 57. Kf3 h5 58.
Kg3 Ke4 59. Kg2 Kf4 60. Kf2 h4 61. Kg2 Ke3 62. Kg1 Kf3 63. Kh2 Kf2 64. Kh1 Kg3 65. Kg1 Kxh3 66. Kh1 Kg3 67. Kg1 g4 68. Kh1 Kf2 69. Kh2 g3+ 70. Kh3 g2 0-1

[Event "*** SCC Grand Prix: Titled Tuesday Blitz"]
[Site "Chess.com"]
[Date "2020.07.21"]
[Round "4"]
[White "IwkooO"]
[Black "MNyuyu"]
[Result "1-0"]
[WhiteElo "2612"]
[BlackElo "2424"]
[TimeControl "180+1"]
[EndTime "10:39:42 PDT"]
[Termination "IwkooO won by checkmate"]

1. c4 e6 2. Nc3 d5 3. e3 Be7 4. Nf3 Nf6 5. b3 O-O 6. Bb2 b6 7. cxd5 exd5 8. d4 Bb7 9. Bd3 Nbd7 10. O-O c5 11. Ne2 Ne4 12. dxc5 Ndxc5 13. Bc2 Bf6 14. Bxf6 Qxf6 15. Qd4 Qh6 16. Ng3 Rad8 17. Nf5 Qf6 18.
Qxf6 Nxf6 19. b4 Ne6 20. Rfd1 g6 21. N5d4 Kg7 22. Bb3 Ne4 23. a4 Rc8 24. a5 bxa5 25. Rxa5 a6 26. Bxd5 Bxd5 27. Rxd5 Nxd4 28. R5xd4 Nc3 29.
Re1 Rb8 30. h4 h6 31. Kh2 Rb6 32. Rc4 Nd5 33. Ne5 Rxb4 34. Rc5 Nf6 35. f4 Rfb8 36. Rc7 R8b7 37. Rec1 a5 38. Nxf7 Nd5 39. Rxb7 Rxb7 40. Nd6 Rb3 41. e4 Nxf4 42. Rc7+ Kg8 43. g3 Rb2+ 44. Kh1 Ne2 45. Kg2 Nd4+ 46. Kf1 a4 47. Ra7 Ra2 48. e5 a3 49. Ne8 Ne6 50. Nf6+ Kf8 51. Nd7+ Ke8 52. Nf6+ Kd8 53. Ke1 Ra1+ 54.
Kd2 a2 55. Kc3 Rc1+ 56. Kb2 Rg1 57. Kxa2 Rxg3 58. Ra6 Nc5 59. Rd6+ Ke7 60. Nd5+ Ke8 61. Rc6 Nd3 62. e6 Re3 63. Rc8# 1-0

[Event "*** SCC Grand Prix: Titled Tuesday Blitz"]
[Site "Chess.com"]
[Date "2020.07.21"]
[Round "4"]
[White "KingCrusher275"]
[Black "Munkhzul_Turmunkh"]
[Result "1-0"]
[WhiteElo "2402"]
[BlackElo "2591"]
[TimeControl "180+1"]
[EndTime "10:39:42 PDT"]
[Termination "KingCrusher275 won by resignation"]

1. d4 Nf6 2. c4 e6 3. Nc3 Bb4 4. Qc2 O-O 5. a3 Bxc3+ 6. Qxc3 b6 7. Bg5 Bb7 8. f3 h6 9. Bh4 d5 10. e3 Nbd7 11. cxd5 Nxd5 12. Bxd8 Nxc3 13. Bh4 Nd5 14. Bf2 c5 15. e4 Ne7 16. Ne2 f5 17. exf5 Nxf5 18. dxc5 Nxc5 19. Bxc5 bxc5 20. Nc3 Ne3 21. Kf2 Nd5 22. Ne4 Rac8 23. Bc4 Kh7 24. Nd6 Rc7 25.
Nxb7 Rxb7 26. b3 Kg6 27. Rhe1 Kf6 28. Rad1 Rd8 29. Rd3 Rbd7 30. Red1 Nb6 31. Rxd7 Rxd7 32. Rxd7 Nxd7 33. Ke3 Ne5 34. Be2 Nc6 35. Ke4 Nd4 36. Bc4 Nc2 37. a4 Nb4 38. a5 Nc6 39. a6 Ne5 40. h3 Nf7 41. f4 Nd6+ 42. Ke3 Nf5+ 43. Ke4 Nd6+ 44. Ke3 e5 45. g4 exf4+ 46. Kxf4 g5+ 47.
Kf3 Ke5 48. Ke3 Ne4 49. Bf7 Nf6 50. Bc4 Nd7 51. Be2 Nb6 52. Kd3 Kf4 53. Kc3 Ke3 54. Bb5 Kf3 55. b4 cxb4+ 56. Kxb4 Kg2 57. Kc5 Kxh3 58.
Be2 Kg3 59. Kc6 Kf2 60. Bd1 Ke1 61. Bb3 Ke2 62. Kb7 Nd7 63. Kxa7 Nc5 64. Bf7 Kf3 65. Bh5 Ke4 66. Kb6 Nd7+ 67. Kc6 Ne5+ 68. Kb7 Nd7 69.
a7 Nc5+ 70. Kc6 1-0